Map: Pillars of Gold LE

Players

SubMarine - Winner!

  • Race: Terran Terran
  • Spawn Location: 7:00

A.I. 1 (Harder)

  • Race: Terran Terran
  • Spawn Location: 1:00

VOD

Have the link to the VOD?

Description

junk

Time

  • Played on: Sept. 14, 2020, 6:22 a.m.
  • Length: 5:00
Show
View Real Time Build Order
Export as new Build Order

SubMarine Terran - Winner!

Build Orders:  

Get SALT Encoding   

  12  0:00  SCV  
  13  0:13  SCV  
  14  0:18  Supply Depot  
  14  0:27  SCV  
  15  0:34  Refinery  
  15  0:40  SCV  
  16  0:47  Barracks  
  16  0:59  SCV  
  17  1:11  SCV  
  18  1:23  SCV  
  19  1:38  Orbital Command  
  19  1:50  Command Center  
  19  1:53  Marine  
  20  2:07  SCV  
  21  2:15  Factory  
  21  2:17  Marine  
  22  2:32  Supply Depot, Refinery  
  22  2:34  SCV  
  23  2:37  Barracks Reactor  
  23  2:54  SCV  
  24  3:01  Widow Mine  
  24  3:04  Starport  
  26  3:12  Orbital Command  
  26  3:19  Bunker  
  26  3:22  Marine x2  
  28  3:29  Factory Tech Lab  
  28  3:38  Barracks  
  28  3:40  Barracks  
  28  3:42  SCV  
  29  3:48  SCV  
  29  3:54  SCV  
  31  3:56  Marine x2  
  31  4:00  SCV  
  34  4:06  SCV  
  34  4:07  Viking  
  37  4:13  Cyclone  
  37  4:14  Marine x2  
  42  4:29  Barracks Tech Lab  
  42  4:30  Barracks Reactor  
  42  4:35  Marine x2  
  44  4:42  Engineering Bay  
  46  4:54  Refinery  
Show
View Real Time Build Order
Export as new Build Order

A.I. 1 (Harder) Terran 

Build Orders:  

Get SALT Encoding   

  12  0:00  SCV  
  13  0:13  SCV  
  14  0:20  Supply Depot  
  14  0:25  SCV  
  15  0:41  SCV  
  16  0:43  Barracks  
  16  0:49  Refinery  
  16  0:53  SCV  
  17  1:06  SCV  
  18  1:18  SCV  
  19  1:21  Supply Depot  
  19  1:30  Marine, SCV  
  21  1:42  Orbital Command  
  21  1:43  Barracks  
  21  1:49  Barracks Tech Lab  
  21  1:51  Refinery  
  21  2:03  Factory  
  21  2:06  Marine  
  22  2:24  Marine  
  22  2:28  Supply Depot  
  23  2:35  Marine  
  24  2:42  Marine  
  25  2:52  Marine, Hellion  
  28  3:00  Marine, Supply Depot  
  29  3:13  Hellion  
  31  3:21  SCV  
  31  3:24  Supply Depot  
  32  3:34  SCV  
  33  3:35  Hellion  
  35  3:43  Engineering Bay  
  35  3:46  SCV  
  36  3:56  Hellion  
  36  3:58  SCV  
  39  4:10  SCV  
  39  4:18  Hellion  
  39  4:22  SCV  
  42  4:34  SCV  
  43  4:45  Barracks Tech Lab  
  47  4:48  Factory  
  47  4:50  Supply Depot  
  47  4:53  Starport  
Tags
 
Matchup
TvT
Race
Terran
Spawn Locations
Cross Positions
Add a new tag
Caveats
  • Supply blocks, unpowered buildings, or Contaminate may cause inaccurate times.
  • Supply counts are checked every 10 seconds.